[Event "Modransky Cup 2025"]
[Site "Modra"]
[Date "2025.02.20"]
[Round "1.1"]
[White "Stevik, Patrik"]
[Black "Hudak, Michal"]
[Result "1-0"]
[Annotator "RC"]
[ECO "E01"]
[WhiteElo "2331"]
[BlackElo "1823"]
[PlyCount "51"]
[EventDate "2025.02.20"]
[EventCountry "SVK"]
[SourceTitle "playchess.com"]
[Source "ChessBase"]
[SourceQuality "1"]
[TimeControl "5400+30"]

1. Nf3 d5 2. g3 Nf6 3. Bg2 e6 4. O-O Bd6 5. d4 O-O 6. c4 c6 7. b3 Nbd7 8. Bb2 dxc4 9. bxc4 c5 10. e3 Qc7 11. Nc3 a6 12. Qe2 Rb8 13. Rfd1 Nb6 14. Rac1 Bd7 15. Ne5 Ba4 16. Nxa4 Nxa4 17. Ba1 Rfd8 18. Nd3 cxd4 19. c5 Be7 20. Bxd4 Qa5 21. c6 Rxd4 22. Ne5 bxc6 23. exd4 Nc3 24. Qe1 Bb4 25. Nxc6 Nxd1 26. Qxd1 1-0

[Event "Modransky Cup 2025"]
[Site "Modra"]
[Date "2025.02.20"]
[Round "1.2"]
[White "Nosal, Tobias"]
[Black "Shirinyan, Daniel"]
[Result "0-1"]
[Annotator "ChessBase"]
[ECO "A49"]
[WhiteElo "1807"]
[BlackElo "2231"]
[PlyCount "80"]
[EventDate "2025.02.20"]
[EventCountry "SVK"]
[SourceTitle "playchess.com"]
[Source "ChessBase"]
[SourceQuality "1"]
[TimeControl "5400+30"]

1. Nf3 Nf6 2. g3 g6 3. b3 Bg7 4. Bb2 O-O 5. Bg2 d6 6. d4 a5 7. a4 Nc6 8. O-O Nd7 9. Nbd2 e5 10. dxe5 Ndxe5 11. Nxe5 Nxe5 12. Qc1 d5 13. Nf3 Nxf3+ 14. Bxf3 c6 15. Bxg7 Kxg7 16. Qb2+ Qf6 17. Qxf6+ Kxf6 18. e4 d4 19. Rad1 Rd8 20. Be2 Ke5 21. Bd3 Bh3 22. f4+ Kd6 23. Rfe1 Kc5 24. Bc4 Rd7 25. Rd2 Re8 26. Kf2 Rde7 27. Bd3 f6 28. Rdd1 Kb4 29. Ra1 Bd7 30. Red1 c5 31. Re1 Bc6 32. e5 fxe5 33. Rxe5 Rxe5 34. fxe5 Rxe5 35. Re1 Rxe1 36. Kxe1 Kc3 37. Kd1 Bd5 38. Kc1 Bxb3 39. Be4 Bxa4 40. Bxb7 Bxc2 0-1

[Event "Modransky Cup 2025"]
[Site "Modra"]
[Date "2025.02.20"]
[Round "1.3"]
[White "Banas, Kamil"]
[Black "Sekera, Timotej"]
[Result "1-0"]
[Annotator "ChessBase"]
[ECO "B06"]
[WhiteElo "2178"]
[BlackElo "1802"]
[PlyCount "43"]
[EventDate "2025.02.20"]
[EventCountry "SVK"]
[SourceTitle "playchess.com"]
[Source "ChessBase"]
[SourceQuality "1"]
[TimeControl "5400+30"]

1. e4 g6 2. d4 Bg7 3. Nc3 d6 4. f4 a6 5. Nf3 b5 6. a3 Bb7 7. Be3 Nd7 8. Be2 e6 9. O-O h6 10. f5 Ne7 11. fxe6 fxe6 12. Nh4 Nf8 13. Qd2 g5 14. Bh5+ Kd7 15. Rf7 Qe8 16. Qe2 gxh4 17. Rxg7 Qb8 18. Qg4 Rh7 19. Rf1 Qa7 20. Rxf8 Rxg7 21. Qxg7 c5 22. d5 1-0

[Event "Modransky Cup 2025"]
[Site "Modra"]
[Date "2025.02.20"]
[Round "1.4"]
[White "Wolak, Jan"]
[Black "Oruzinsky, Juraj"]
[Result "0-1"]
[Annotator "ChessBase"]
[ECO "B33"]
[WhiteElo "1762"]
[BlackElo "2171"]
[PlyCount "87"]
[EventDate "2025.02.20"]
[EventCountry "SVK"]
[SourceTitle "playchess.com"]
[Source "ChessBase"]
[SourceQuality "1"]
[TimeControl "5400+30"]

1. e4 c5 2. Nf3 Nc6 3. d4 cxd4 4. Nxd4 Nf6 5. Nc3 e5 6. Ndb5 d6 7. Nd5 Nxd5 8. exd5 Nb8 9. a4 Be7 10. Be2 O-O 11. O-O f5 12. f3 Nd7 13. Be3 f4 14. Bf2 a6 15. Na3 Bh4 16. Nc4 Bxf2+ 17. Rxf2 Rf6 18. b4 Rh6 19. Nd2 Nf6 20. Nf1 a5 21. b5 g5 22. Bd3 Kh8 23. c4 g4 24. Qc2 b6 25. Bf5 Bxf5 26. Qxf5 Rh5 27. Qd3 Qc7 28. Raa2 Rg8 29. fxg4 Nxg4 30. Rf3 Rg6 31. Rc2 Rhg5 32. Kh1 Nf6 33. Rff2 Qc5 34. Qh3 Ng4 35. Rfe2 Rh6 36. Qf3 Qb4 37. g3 fxg3 38. Nxg3 Rf6 39. Qe4 Rf4 40. Qd3 Qb1+ 41. Kg2 Qf1+ 42. Nxf1 Ne3+ 43. Kh3 Rf3+ 44. Ng3 0-1

[Event "Modransky Cup 2025"]
[Site "Modra"]
[Date "2025.02.20"]
[Round "1.5"]
[White "Hitka, Dominik"]
[Black "Soldan, Jan"]
[Result "1-0"]
[Annotator "NA"]
[ECO "B23"]
[WhiteElo "2099"]
[BlackElo "1756"]
[PlyCount "47"]
[EventDate "2025.02.20"]
[EventCountry "SVK"]
[SourceTitle "playchess.com"]
[Source "ChessBase"]
[SourceQuality "1"]
[TimeControl "5400+30"]

1. e4 c5 2. Nc3 Nc6 3. Bb5 g6 4. Bxc6 bxc6 5. d3 Bg7 6. f4 d6 7. Nf3 f5 8. O-O Nh6 9. Qe1 O-O 10. e5 e6 11. b3 Nf7 12. Ba3 Qa5 13. Na4 Qc7 14. exd6 Nxd6 15. Ne5 Nf7 16. Bxc5 Nxe5 17. fxe5 Bxe5 18. Bxf8 Bxa1 19. Qxa1 Kxf8 20. Qh8+ Ke7 21. Qxh7+ Kd8 22. Qg8+ Ke7 23. Qg7+ Kd8 24. Qf8+ 1-0

[Event "Modransky Cup 2025"]
[Site "Modra"]
[Date "2025.02.20"]
[Round "1.6"]
[White "Ronaj, Filip"]
[Black "Chlpek, Daniel"]
[Result "0-1"]
[Annotator "NA"]
[ECO "B33"]
[WhiteElo "1746"]
[BlackElo "2039"]
[PlyCount "76"]
[EventDate "2025.02.20"]
[EventCountry "SVK"]
[SourceTitle "playchess.com"]
[Source "ChessBase"]
[SourceQuality "1"]
[TimeControl "5400+30"]

1. e4 c5 2. Nf3 Nc6 3. d4 cxd4 4. Nxd4 Nf6 5. f3 g6 6. b3 Bg7 7. Bb2 Nxd4 8. Bxd4 O-O 9. Bb5 Qa5+ 10. Nc3 a6 11. Be2 e5 12. Be3 Qxc3+ 13. Bd2 Qc5 14. Qc1 d5 15. Be3 Qc3+ 16. Bd2 Qc6 17. Bh6 dxe4 18. Bxg7 Qc3+ 19. Kf2 Kxg7 20. Qe3 Qxe3+ 21. Kxe3 exf3 22. Bxf3 e4 23. Be2 Bg4 24. Rae1 Rad8 25. Kf2 Rd2 26. h3 Bxe2 27. Rxe2 Rfd8 28. Rhe1 h5 29. a4 a5 30. Kf1 g5 31. Rxd2 Rxd2 32. Re2 Rxe2 33. Kxe2 Nd5 34. g4 hxg4 35. hxg4 Kf6 36. c4 Nb4 37. Kd2 Ke5 38. c5 Kd4 0-1

[Event "Modransky Cup 2025"]
[Site "Modra"]
[Date "2025.02.20"]
[Round "1.7"]
[White "Pongo, Aron"]
[Black "Bednar, Daniel"]
[Result "1-0"]
[Annotator "ChessBase"]
[ECO "A44"]
[WhiteElo "2030"]
[BlackElo "1720"]
[PlyCount "67"]
[EventDate "2025.02.20"]
[EventCountry "SVK"]
[SourceTitle "playchess.com"]
[Source "ChessBase"]
[SourceQuality "1"]
[TimeControl "5400+30"]

1. d4 c5 2. d5 e5 3. c4 d6 4. e4 Be7 5. Nf3 Bg4 6. Qa4+ Nd7 7. Nfd2 Bg5 8. Nc3 a6 9. h3 Bh5 10. Qc2 Bg6 11. Bd3 h5 12. Nf1 h4 13. Ne3 Bf4 14. Nf5 Bxf5 15. exf5 Bxc1 16. Qxc1 Ngf6 17. g4 Qa5 18. Qd2 Kf8 19. O-O Re8 20. Qe3 Qd8 21. Rae1 Nh7 22. Bc2 Nb6 23. Qd3 Ng5 24. Re3 f6 25. Rfe1 Kf7 26. a3 Nd7 27. Ba4 b6 28. Bc6 Rhf8 29. Qc2 e4 30. Bxd7 Qxd7 31. Nxe4 Nxe4 32. Rxe4 Rxe4 33. Qxe4 Re8 34. Qe6+ 1-0

[Event "Modransky Cup 2025"]
[Site "Modra"]
[Date "2025.02.20"]
[Round "1.8"]
[White "Veres, Alex"]
[Black "Iankin, Arseni"]
[Result "0-1"]
[Annotator "NA"]
[ECO "C13"]
[WhiteElo "1699"]
[BlackElo "2016"]
[PlyCount "44"]
[EventDate "2025.02.20"]
[EventCountry "SVK"]
[SourceTitle "playchess.com"]
[Source "ChessBase"]
[SourceQuality "1"]
[TimeControl "5400+30"]

1. e4 e6 2. d4 d5 3. Nc3 Nf6 4. Bg5 dxe4 5. Bxf6 gxf6 6. Nxe4 Be7 7. Nf3 f5 8. Ng3 c5 9. c3 Nc6 10. Bb5 Qb6 11. Bxc6+ bxc6 12. Qd2 Ba6 13. Ne2 cxd4 14. Nexd4 Rd8 15. Qc2 c5 16. Ne2 Bd3 17. Qc1 Rg8 18. Nf4 Be4 19. Nd2 Bb7 20. Nc4 Qc7 21. Qe3 Bg5 22. Nxe6 fxe6 0-1

[Event "Modransky Cup 2025"]
[Site "Modra"]
[Date "2025.02.20"]
[Round "1.9"]
[White "Durana, Jonas"]
[Black "Kolibik, Jan"]
[Result "1-0"]
[Annotator "NA"]
[ECO "B20"]
[WhiteElo "2006"]
[BlackElo "1683"]
[PlyCount "71"]
[EventDate "2025.02.20"]
[EventCountry "SVK"]
[SourceTitle "playchess.com"]
[Source "ChessBase"]
[SourceQuality "1"]
[TimeControl "5400+30"]

1. e4 c5 2. g3 b6 3. Bg2 Bb7 4. Nc3 g6 5. d3 Bg7 6. f4 e6 7. Nf3 d6 8. O-O Ne7 9. Qe1 O-O 10. g4 f5 11. Qg3 Qd7 12. Bd2 Nbc6 13. gxf5 exf5 14. Rae1 Nd4 15. Nxd4 Bxd4+ 16. Kh1 Bg7 17. b3 Rae8 18. Nd1 d5 19. e5 d4 20. a4 Bc6 21. Nb2 Qb7 22. Rf2 a6 23. Nc4 Nc8 24. b4 Bxg2+ 25. Qxg2 Qxg2+ 26. Rxg2 Re6 27. bxc5 bxc5 28. Rb1 Ne7 29. h4 Bh6 30. Kh2 Nd5 31. Kg3 Ree8 32. Rgg1 Rb8 33. Nd6 Nb4 34. Bxb4 Rxb4 35. Rxb4 cxb4 36. e6 1-0

[Event "Modransky Cup 2025"]
[Site "Modra"]
[Date "2025.02.20"]
[Round "1.10"]
[White "Hanzel, Richard"]
[Black "Meszaros, Casey Ryan"]
[Result "0-1"]
[Annotator "ChessBase"]
[ECO "A85"]
[WhiteElo "1668"]
[BlackElo "2003"]
[PlyCount "128"]
[EventDate "2025.02.20"]
[EventCountry "SVK"]
[SourceTitle "playchess.com"]
[Source "ChessBase"]
[SourceQuality "1"]
[TimeControl "5400+30"]

1. d4 e6 2. c4 f5 3. a3 Nf6 4. Nc3 Be7 5. Nf3 O-O 6. Qc2 b6 7. g3 Bb7 8. Bg2 d6 9. O-O Ne4 10. e3 Nd7 11. Rd1 Bf6 12. Bd2 Qe8 13. Ne2 g5 14. Bc3 Qh5 15. Ne1 Bg7 16. Bf3 Qf7 17. Rac1 Rae8 18. Qa4 a5 19. b4 axb4 20. axb4 Nxc3 21. Nxc3 Bxf3 22. Nxf3 h6 23. Nb5 Nf6 24. Qa7 Re7 25. Qb7 Ne8 26. Kg2 f4 27. exf4 e5 28. dxe5 dxe5 29. Qd5 exf4 30. gxf4 Qxd5 31. cxd5 Rxf4 32. Re1 Rxe1 33. Rxe1 Kf7 34. Rc1 g4 35. Ne1 Rxb4 36. Nxc7 Rd4 37. Nxe8 Kxe8 38. Rc6 Rxd5 39. Rxb6 Rd1 40. Re6+ Kf7 41. Re4 h5 42. Nc2 Kg6 43. Ne3 Rd2 44. Kg3 Kg5 45. Ra4 Be5+ 46. Kg2 Bd4 47. Kg1 Bxe3 48. fxe3 Re2 49. Re4 Kh4 50. Re5 Ra2 51. Rf5 Rb2 52. Rf2 Rb3 53. Re2 Kh3 54. e4 Rb1+ 55. Kf2 Kxh2 56. Ke3+ Kh3 57. Kf4 g3 58. Re3 h4 59. e5 Kh2 60. Kg4 Rb4+ 61. Kf3 g2 62. Re2 Kh1 63. Rxg2 Rb3+ 64. Kg4 Kxg2 0-1

[Event "Modransky Cup 2025"]
[Site "Modra"]
[Date "2025.02.20"]
[Round "1.11"]
[White "Janik, Marek Tobias"]
[Black "Hrckova, Anna"]
[Result "1-0"]
[Annotator "ChessBase"]
[ECO "A23"]
[WhiteElo "2002"]
[BlackElo "1655"]
[PlyCount "53"]
[EventDate "2025.02.20"]
[EventCountry "SVK"]
[SourceTitle "playchess.com"]
[Source "ChessBase"]
[SourceQuality "1"]
[TimeControl "5400+30"]

1. c4 e5 2. Nc3 Nf6 3. g3 c6 4. d4 exd4 5. Qxd4 d5 6. cxd5 cxd5 7. Bg2 Nc6 8. Qd1 Bb4 9. Bd2 Be6 10. a3 Ba5 11. Nf3 h6 12. O-O O-O 13. b4 Bc7 14. Nb5 Bb6 15. Bc3 Ne4 16. Bb2 Rc8 17. e3 Ne7 18. Nbd4 Nf5 19. Rc1 Qd6 20. Qd3 a6 21. Rcd1 Rfd8 22. Rfe1 Rc4 23. Nd2 Nxd2 24. Nxf5 Kh7 25. Be4 h5 26. h4 Kg6 27. Kh2 1-0

[Event "Modransky Cup 2025"]
[Site "Modra"]
[Date "2025.02.20"]
[Round "1.12"]
[White "Vorsilka, Jiri"]
[Black "Kapinaj, Matus"]
[Result "0-1"]
[Annotator "NA"]
[ECO "D00"]
[WhiteElo "1653"]
[BlackElo "1999"]
[PlyCount "114"]
[EventDate "2025.02.20"]
[EventCountry "SVK"]
[SourceTitle "playchess.com"]
[Source "ChessBase"]
[SourceQuality "1"]
[TimeControl "5400+30"]

1. d4 Nf6 2. Nc3 d5 3. Bf4 c6 4. e3 Bf5 5. f3 h5 6. Bd3 Bxd3 7. Qxd3 e6 8. Nge2 Nbd7 9. O-O h4 10. h3 Be7 11. e4 Nh5 12. e5 Nxf4 13. Nxf4 Qb6 14. Na4 Qb5 15. Qxb5 cxb5 16. Nc3 a6 17. Nce2 Rc8 18. c3 Nb6 19. b4 Na4 20. Rfc1 Bg5 21. Rc2 Bxf4 22. Nxf4 Rc4 23. Rac1 Ke7 24. Nd3 b6 25. Nb2 Nxb2 26. Rxb2 Rhc8 27. Rbc2 f5 28. f4 a5 29. a3 Kf7 30. Kf2 axb4 31. axb4 Ra8 32. Kf3 Ra3 33. Kf2 Kg6 34. Ke2 Kh5 35. Kd2 g5 36. Rf1 g4 37. hxg4+ Kxg4 38. Rf3 Rc7 39. Ke2 Rca7 40. Kf2 Ra2 41. Rxa2 Rxa2+ 42. Kg1 Re2 43. Kf1 Re4 44. Rd3 Rxf4+ 45. Ke2 Re4+ 46. Kf2 f4 47. Rd1 Re3 48. Rc1 Kf5 49. Rh1 Kg4 50. Rc1 Rd3 51. Ke2 Rg3 52. Kf2 f3 53. gxf3+ Rxf3+ 54. Ke2 h3 55. Rg1+ Rg3 56. Rf1 h2 57. Rh1 Kh3 0-1

[Event "Modransky Cup 2025"]
[Site "Modra"]
[Date "2025.02.20"]
[Round "1.13"]
[White "Skaraiev, Mykhailo"]
[Black "Banas, Kamil"]
[Result "1-0"]
[Annotator "ChessBase"]
[ECO "D35"]
[WhiteElo "1980"]
[BlackElo "1651"]
[PlyCount "57"]
[EventDate "2025.02.20"]
[EventCountry "SVK"]
[SourceTitle "playchess.com"]
[Source "ChessBase"]
[SourceQuality "1"]
[TimeControl "5400+30"]

1. d4 d5 2. c4 e6 3. Nc3 Nf6 4. cxd5 Nxd5 5. e4 Nxc3 6. bxc3 Be7 7. Nf3 O-O 8. Bd3 Nd7 9. O-O b6 10. Be3 Bb7 11. Qc2 Rc8 12. c4 Re8 13. Rad1 Bf8 14. c5 Nb8 15. Bb5 c6 16. Be2 Qe7 17. Rb1 bxc5 18. dxc5 Rc7 19. Bf4 Rd7 20. Bd6 Qf6 21. e5 Qg6 22. Bd3 Qh5 23. Rb4 f5 24. exf6 Bxd6 25. cxd6 gxf6 26. Rh4 Qd5 27. Bxh7+ Kf8 28. Rd1 Qb5 29. Qg6 1-0

[Event "Modransky Cup 2025"]
[Site "Modra"]
[Date "2025.02.20"]
[Round "1.14"]
[White "Chojnacki, Kevin"]
[Black "Galla, Richard"]
[Result "0-1"]
[Annotator "NA"]
[ECO "A14"]
[WhiteElo "1643"]
[BlackElo "1960"]
[PlyCount "66"]
[EventDate "2025.02.20"]
[EventCountry "SVK"]
[SourceTitle "playchess.com"]
[Source "ChessBase"]
[SourceQuality "1"]
[TimeControl "5400+30"]

1. Nf3 d5 2. c4 e6 3. b3 Nf6 4. Bb2 Be7 5. g3 O-O 6. Bg2 c5 7. O-O Nc6 8. d3 b6 9. Nbd2 Bb7 10. cxd5 Nxd5 11. a3 Bf6 12. Bxf6 Qxf6 13. Ne4 Qe7 14. Rc1 Rac8 15. Nc3 Rfd8 16. Nxd5 exd5 17. e3 d4 18. e4 c4 19. bxc4 Qxa3 20. Ra1 Qe7 21. Nh4 a5 22. f4 g6 23. Bh3 Ra8 24. Rb1 Nb4 25. f5 Bc8 26. Qd2 f6 27. Bg2 g5 28. e5 Ra7 29. Nf3 Bxf5 30. Rxb4 Qxb4 31. Qxb4 axb4 32. exf6 Bxd3 33. f7+ Rxf7 0-1

[Event "Modransky Cup 2025"]
[Site "Modra"]
[Date "2025.02.20"]
[Round "1.15"]
[White "Smetana, Peter"]
[Black "Gonda, Jan"]
[Result "1-0"]
[Annotator "ChessBase"]
[ECO "B53"]
[WhiteElo "1947"]
[BlackElo "1633"]
[PlyCount "79"]
[EventDate "2025.02.20"]
[EventCountry "SVK"]
[SourceTitle "playchess.com"]
[Source "ChessBase"]
[SourceQuality "1"]
[TimeControl "5400+30"]

1. e4 c5 2. Nf3 d6 3. d4 cxd4 4. Qxd4 Nc6 5. Bb5 Bd7 6. Bxc6 Bxc6 7. Nc3 h6 8. O-O e6 9. Qd3 Qc7 10. Re1 a6 11. a4 b6 12. Bf4 Bb7 13. Rad1 Rd8 14. Nd2 e5 15. Be3 Ne7 16. Nc4 Nc8 17. Nd5 Bxd5 18. exd5 b5 19. axb5 axb5 20. Na3 Be7 21. Nxb5 Qb7 22. c4 O-O 23. Ra1 Rfe8 24. b4 Bf8 25. Red1 g6 26. c5 dxc5 27. bxc5 Rxd5 28. Qxd5 Qxb5 29. Qd7 Qxd7 30. Rxd7 Ne7 31. Rad1 Nc6 32. Rc7 Nd4 33. g3 Bg7 34. Rb1 Ne6 35. Rcb7 f5 36. Rb8 Rxb8 37. Rxb8+ Kf7 38. c6 f4 39. Bb6 Kf6 40. c7 1-0

[Event "Modransky Cup 2025"]
[Site "Modra"]
[Date "2025.02.20"]
[Round "1.16"]
[White "Rozboril, Alex"]
[Black "Krajnak, Robert"]
[Result "1-0"]
[Annotator "NA"]
[ECO "B85"]
[WhiteElo "1633"]
[BlackElo "1921"]
[PlyCount "53"]
[EventDate "2025.02.20"]
[EventCountry "SVK"]
[SourceTitle "playchess.com"]
[Source "ChessBase"]
[SourceQuality "1"]
[TimeControl "5400+30"]

1. e4 c5 2. Nf3 e6 3. d4 cxd4 4. Nxd4 Nc6 5. Nc3 Qc7 6. Be3 a6 7. Be2 Nf6 8. O-O d6 9. f4 Be7 10. Qe1 O-O 11. Qg3 Re8 12. a4 Bf8 13. Bd3 Nb4 14. Be2 b6 15. Bf3 Bb7 16. Rf2 d5 17. e5 Ne4 18. Bxe4 dxe4 19. f5 Bc5 20. Rd1 Bd5 21. fxe6 fxe6 22. Nxd5 Nxd5 23. c3 Nxe3 24. Qxe3 Qxe5 25. b4 Bd6 26. g3 Rf8 27. Nc6 1-0

[Event "Modransky Cup 2025"]
[Site "Modra"]
[Date "2025.02.20"]
[Round "1.18"]
[White "Povysil, Peter"]
[Black "Banas, Samuel"]
[Result "1/2-1/2"]
[Annotator "NA"]
[ECO "D02"]
[WhiteElo "1890"]
[BlackElo "1617"]
[PlyCount "77"]
[EventDate "2025.02.20"]
[EventCountry "SVK"]
[SourceTitle "playchess.com"]
[Source "ChessBase"]
[SourceQuality "1"]
[TimeControl "5400+30"]

1. d4 d5 2. Nc3 Bf5 3. Bf4 Nf6 4. e3 e6 5. Nf3 Bd6 6. Bd3 Bxd3 7. Qxd3 Bxf4 8. exf4 Qd6 9. Ne5 O-O 10. O-O Nbd7 11. Nxd7 Qxd7 12. Rfe1 Rac8 13. Ne2 Rfe8 14. Ng3 b6 15. Rad1 c5 16. dxc5 bxc5 17. c3 Qa4 18. Qd2 Qxa2 19. Ra1 Qb3 20. Rxa7 Ra8 21. Rea1 Rxa7 22. Rxa7 Rb8 23. Ra3 Qb5 24. b3 h6 25. f3 Kf8 26. Ne2 c4 27. b4 Qb7 28. Qa2 Nd7 29. Ra7 Qc8 30. Nd4 Nb6 31. Qa5 Rb7 32. Ra6 Nd7 33. Nb5 Rb8 34. Nd4 Qd8 35. Qa2 Qc7 36. Ra7 Rb7 37. Ra8+ Rb8 38. Ra7 Rb7 39. Ra8+ 1/2-1/2

[Event "Modransky Cup 2025"]
[Site "Modra"]
[Date "2025.02.20"]
[Round "1.19"]
[White "Bucor, Mark"]
[Black "Certik, Jaroslav"]
[Result "1-0"]
[Annotator "NA"]
[ECO "C25"]
[WhiteElo "1875"]
[BlackElo "1579"]
[PlyCount "23"]
[EventDate "2025.02.20"]
[EventCountry "SVK"]
[SourceTitle "playchess.com"]
[Source "ChessBase"]
[SourceQuality "1"]
[TimeControl "5400+30"]

1. e4 e5 2. Nc3 Nc6 3. Bc4 Bc5 4. Qg4 Qf6 5. Nd5 Bxf2+ 6. Kd1 Qh4 7. Qxg7 Qxe4 8. Nf6+ Nxf6 9. Bxf7+ Ke7 10. Bd5+ Kd6 11. Bxe4 Nxe4 12. Qxh8 1-0

[Event "Modransky Cup 2025"]
[Site "Modra"]
[Date "2025.02.20"]
[Round "1.20"]
[White "Vondruska, Leos"]
[Black "Kukla, Tomas"]
[Result "0-1"]
[Annotator "NA"]
[ECO "B02"]
[WhiteElo "1545"]
[BlackElo "1856"]
[PlyCount "66"]
[EventDate "2025.02.20"]
[EventCountry "SVK"]
[SourceTitle "playchess.com"]
[Source "ChessBase"]
[SourceQuality "1"]
[TimeControl "5400+30"]

1. e4 Nf6 2. Nc3 d5 3. exd5 Nxd5 4. Nxd5 Qxd5 5. Qf3 Qe5+ 6. Be2 Nc6 7. c3 Bf5 8. d4 Qf6 9. g4 Bd7 10. Qxf6 exf6 11. Bf4 O-O-O 12. O-O-O Be6 13. Kb1 Bd6 14. Bxd6 Rxd6 15. Bf3 Rhd8 16. Ne2 Ne5 17. Ng1 Nxf3 18. Nxf3 Bxg4 19. Rd3 Bf5 20. Kc1 Bxd3 21. Re1 Bc4 22. b3 Bd5 23. Nh4 Re6 24. Rg1 g6 25. c4 Bxc4 26. bxc4 Rxd4 27. Nf3 Rxc4+ 28. Kb1 Re2 29. Rf1 Rcc2 30. Nd4 Rb2+ 31. Ka1 Rxa2+ 32. Kb1 Reb2+ 33. Kc1 Ra1+ 0-1

[Event "Modransky Cup 2025"]
[Site "Modra"]
[Date "2025.02.20"]
[Round "1.21"]
[White "Osvald, David"]
[Black "Segeda, Milos"]
[Result "1-0"]
[Annotator "NA"]
[ECO "D06"]
[WhiteElo "1852"]
[BlackElo "1519"]
[PlyCount "81"]
[EventDate "2025.02.20"]
[EventCountry "SVK"]
[SourceTitle "playchess.com"]
[Source "ChessBase"]
[SourceQuality "1"]
[TimeControl "5400+30"]

1. d4 d5 2. c4 b6 3. cxd5 Bb7 4. e4 Ba6 5. Bxa6 Nxa6 6. Qa4+ Qd7 7. Qxa6 Nf6 8. Nc3 c6 9. dxc6 Qxc6 10. d5 Qc8 11. Qxc8+ Rxc8 12. Bg5 Ng4 13. Nf3 f6 14. Be3 e6 15. a3 Bc5 16. Bxc5 Rxc5 17. h3 Nh6 18. O-O e5 19. Rfd1 O-O 20. Rac1 a6 21. Na4 Rxc1 22. Rxc1 b5 23. Nb6 Nf7 24. Rc8 Nd6 25. Rxf8+ Kxf8 26. Nd7+ Ke7 27. Nc5 a5 28. Nd2 a4 29. Ne6 Nc4 30. Nxc4 bxc4 31. Nxg7 Kd7 32. Kf1 Kd6 33. Ke2 Kc5 34. Nh5 f5 35. exf5 Kxd5 36. Ke3 Kd6 37. Ke4 h6 38. g4 Kc5 39. Kxe5 c3 40. bxc3 Kc4 41. f6 1-0

[Event "Modransky Cup 2025"]
[Site "Modra"]
[Date "2025.02.20"]
[Round "1.22"]
[White "Vernerova, Ema"]
[Black "Grom, Stanislav"]
[Result "0-1"]
[Annotator "NA"]
[ECO "B00"]
[WhiteElo "1428"]
[BlackElo "1846"]
[PlyCount "72"]
[EventDate "2025.02.20"]
[EventCountry "SVK"]
[SourceTitle "playchess.com"]
[Source "ChessBase"]
[SourceQuality "1"]
[TimeControl "5400+30"]

1. e4 Nc6 2. Nf3 f5 3. e5 d6 4. exd6 cxd6 5. Bb5 Qa5 6. Nc3 a6 7. Be2 e5 8. d3 Nf6 9. Bd2 Be7 10. O-O O-O 11. Ne4 Qd8 12. Nxf6+ Bxf6 13. Be3 f4 14. Bc1 b5 15. d4 e4 16. Ne1 Bxd4 17. Bxf4 Rxf4 18. c3 Ba7 19. Qd5+ Kh8 20. Qxc6 Rb8 21. Rd1 Rb6 22. Qd5 Bb7 23. Qd2 Rf8 24. f3 Rc6+ 25. Kh1 e3 26. Qc2 d5 27. Nd3 Bb8 28. f4 Rcf6 29. Nc5 Ba8 30. Qd3 Qe7 31. Nb3 Rxf4 32. Bf3 Rh4 33. Bxd5 Rxh2+ 34. Kg1 Rh1+ 35. Kxh1 Qh4+ 36. Kg1 Qh2# 0-1

[Event "Modransky Cup 2025"]
[Site "Modra"]
[Date "2025.02.20"]
[Round "1.23"]
[White "Ondreicka, Roman"]
[Black "Chlupik Michal"]
[Result "1-0"]
[Annotator "NA"]
[ECO "C00"]
[WhiteElo "1842"]
[BlackElo "1355"]
[PlyCount "98"]
[EventDate "2025.02.20"]
[EventCountry "SVK"]
[SourceTitle "playchess.com"]
[Source "ChessBase"]
[SourceQuality "1"]
[TimeControl "5400+30"]

1. e4 e6 2. d3 d5 3. Nd2 dxe4 4. Nxe4 Nf6 5. Nxf6+ Qxf6 6. Nf3 Nc6 7. g3 Nd4 8. Bg2 Nxf3+ 9. Bxf3 Bc5 10. O-O O-O 11. c3 e5 12. Be3 Bxe3 13. fxe3 Qb6 14. Qe2 Bf5 15. Rad1 Rad8 16. Kh1 Qe6 17. e4 Bh3 18. Bg2 Bg4 19. Bf3 Bh3 20. Rfe1 Qxa2 21. Ra1 Qe6 22. Rxa7 Qb6 23. Raa1 f5 24. Ra4 Qb5 25. Rc4 fxe4 26. Bxe4 Qd7 27. Rc5 Qf7 28. Rxe5 Qf2 29. Bxh7+ Kh8 30. Qxf2 Rxf2 31. Rh5 Bd7 32. Be4+ Kg8 33. Bd5+ Rf7 34. Bxf7+ Kxf7 35. Rhe5 Bc6+ 36. Kg1 Rxd3 37. Re7+ Kf6 38. Rxc7 Rd2 39. Rf1+ Kg6 40. Rxc6+ bxc6 41. Rf2 Rd5 42. Kg2 Kg5 43. h4+ Kg4 44. Rf4+ Kh5 45. Kh3 Rd2 46. Rb4 Rd1 47. Rc4 Rh1+ 48. Kg2 Rd1 49. Rc5+ Kg4 1-0

[Event "Modransky Cup 2025"]
[Site "Modra"]
[Date "2025.02.20"]
[Round "1.24"]
[White "Sara, J.S."]
[Black "Pisarcik, Richard"]
[Result "0-1"]
[Annotator "NA"]
[ECO "C47"]
[WhiteElo "1774"]
[BlackElo "1837"]
[PlyCount "50"]
[EventDate "2025.02.20"]
[EventCountry "SVK"]
[SourceTitle "playchess.com"]
[Source "ChessBase"]
[SourceQuality "1"]
[TimeControl "5400+30"]

1. e4 e5 2. Nf3 Nc6 3. Nc3 Nf6 4. Nxe5 Nxe5 5. d4 Ng6 6. Bc4 Bb4 7. Bd2 Bxc3 8. Bxc3 d5 9. Bd3 dxe4 10. Qe2 O-O 11. Bxe4 Nxe4 12. O-O Nxc3 13. bxc3 Re8 14. Qc4 Nf4 15. Rfe1 Be6 16. Qb5 h6 17. g3 Nh3+ 18. Kf1 Qf6 19. Re2 Qf3 20. Ke1 Qxc3+ 21. Kd1 Qxd4+ 22. Kc1 Qxa1+ 23. Kd2 Rad8+ 24. Ke3 Bf5+ 25. Kf3 Qh1# 0-1

[Event "Modransky Cup 2025"]
[Site "Modra"]
[Date "2025.02.21"]
[Round "2.1"]
[White "Kapinaj, Matus"]
[Black "Stevik, Patrik"]
[Result "0-1"]
[Annotator "RC"]
[ECO "C48"]
[WhiteElo "1999"]
[BlackElo "2331"]
[PlyCount "134"]
[EventDate "2025.02.20"]
[EventCountry "SVK"]
[SourceTitle "playchess.com"]
[Source "ChessBase"]
[SourceQuality "1"]
[TimeControl "5400+30"]

1. e4 e5 2. Nf3 Nc6 3. Nc3 Nf6 4. Bb5 Nd4 5. Nxd4 exd4 6. e5 dxc3 7. exf6 Qxf6 8. dxc3 Bc5 9. O-O O-O 10. Qh5 Bb6 11. Bd3 g6 12. Bg5 Qxf2+ 13. Rxf2 gxh5 14. Re1 Bxf2+ 15. Kxf2 Kg7 16. Be7 Rg8 17. Re3 f6 18. Bc4 d5 19. Bxd5 Bf5 20. Bxg8 Rxg8 21. Rf3 Bg4 22. Re3 Kf7 23. Bc5 Be6 24. Rd3 b6 25. Be3 Bf5 26. Rd2 h4 27. Bf4 c5 28. g3 h3 29. a4 h5 30. a5 h4 31. gxh4 bxa5 32. Bg3 Re8 33. Re2 Rd8 34. Bc7 Rd1 35. Re1 Rd2+ 36. Re2 Rd7 37. Bf4 Rb7 38. Bd6 Bg4 39. Rd2 Rxb2 40. Bxc5 a4 41. Kg3 Be6 42. Kf4 Rb5 43. Ba3 Rf5+ 44. Ke3 Re5+ 45. Kd4 Kg6 46. c4 Re1 47. Kc3 f5 48. Kb4 Re4 49. Kxa4 Rxc4+ 50. Kb5 Rxh4 51. Rd6 a6+ 52. Ka5 Re4 53. Bc5 Re2 54. Rxa6 f4 55. Bd6 f3 56. Bg3 Kf5 57. Ra8 Rxc2 58. Rf8+ Ke4 59. Rf4+ Ke3 60. Rf6 Bd5 61. Rh6 Rxh2 62. Bxh2 f2 63. Rf6 Bf3 64. Re6+ Kd3 65. Rd6+ Ke4 66. Re6+ Kf5 67. Re5+ Kf6 0-1